 Dungeon Sprint DCSS version 0.30-a0-297-g0ec75d9ef4 (webtiles) character file.

Game seed: 16172687800044867103

2834 rocky1 the Unseen (level 10, 0/65 (70) HPs)
             Began as a Kobold Brigand on Oct 19, 2022.
             Was an Elder of Okawaru.
             Killed from afar by an eidolon (33 damage)
             ... with a bolt of negative energy
             ... in the Dungeon (Sprint VII: "The Pits").
             The game lasted 00:03:53 (1525 turns).

rocky1 the Unseen (Kobold Brigand)                  Turns: 1525, Time: 00:03:53

HP:   0/65 (70)     AC:  6    Str:  8    XL:     10   Next: 3%
MP:   10/16         EV: 28    Int: 14    God:    Okawaru [****..]
Gold: 0             SH:  0    Dex: 20    Spells: 9/9 levels left

rFire   . . .      SeeInvis .    x - +2 rapier (elec)
rCold   . . .      Faith    .    (no shield)
rNeg    . . .      Spirit   .    b - +0 robe
rPois   .          Reflect  .    A - +0 helmet
rElec   .          Harm     .    c - +0 cloak
rCorr   .          Rampage  .    z - +0 pair of gloves
Will    .....      NoTele   +    (no boots)
Stlth   +++++++++.               (no amulet)
HPRegen 0.30/turn                (no ring)
MPRegen 0.15/turn                (no ring)

@: afraid, heroic, finesse-ful, drained
A: small, no large weapons, nightstalker 3
a: Renounce Religion, Heroism, Finesse


You were in the Dungeon.
You worshipped Okawaru.
Okawaru was greatly pleased with you.
You visited 1 branch

Inventory:

Hand Weapons
 a - a +2 dagger
 l - a +2 dagger
 m - a +2 falchion
 r - a +1 dagger of electrocution
 s - a +1 long sword of holy wrath
 x - a +2 rapier of electrocution (weapon)
 y - a +2 scimitar of holy wrath
Missiles
 d - 21 poisoned darts (quivered)
 e - 3 curare-tipped darts
Armour
 b - a +0 robe (worn)
 c - a +0 cloak (worn)
 q - a +3 ring mail
 z - a +0 pair of gloves (worn)
 A - a +0 helmet (worn)
Jewellery
 t - a +3 ring of intelligence
 u - a +3 ring of protection
Scrolls
 k - a scroll of blinking
 o - 5 scrolls of amnesia
 p - a scroll of summoning
Potions
 f - 6 potions of curing
 g - 10 potions of heal wounds
 h - 4 potions of haste
 i - 4 potions of magic
 j - a potion of berserk rage
 n - a potion of invisibility
 v - a potion of brilliance
 w - 2 potions of might


   Skills:
 + Level 11.4(16.4) Fighting
 + Level 13.5(18.5) Short Blades
 - Level 2.1(7.1) Throwing
 + Level 12.2(17.2) Dodging
 + Level 15.2(20.2) Stealth
 - Level 9.2 Invocations


You had 9 spell levels left.
You didn't know any spells.
Your spell library was empty.

Dungeon Overview and Level Annotations

Branches:
Dungeon (1/1)

Altars:
Ashenzari
Cheibriados
Dithmenos
Elyvilon
Fedhas
Gozag
Hepliaklqana
Kikubaaqudgha
Makhleb
Nemelex Xobeh
Okawaru
Qazlal
Ru
Sif Muna
Trog
Uskayaw
Vehumet
Wu Jian
Xom
Yredelemnul
Zin
The Shining One
Jiyva
Lugonu


Innate Abilities, Weirdness & Mutations

You are small and have problems with some larger weapons.
You are completely attuned to the shadows.


Message History

Unknown command.
You barely miss the small abomination.
The small abomination closely misses you.
You hit the small abomination but do no damage.
Lightning courses through the small abomination!
The small abomination is heavily damaged.
You barely miss the small abomination.
The small abomination is heavily damaged.
The eidolon completely misses you. x2
You hit the small abomination.
The small abomination is severely damaged.
The small abomination misses you.
You hit the small abomination. You punch the small abomination.
The small abomination is almost destroyed.
The small abomination hits you! The eidolon misses you.
The eidolon completely misses you.
You hit the small abomination but do no damage.
The small abomination is almost destroyed.
You feel yourself speed up.
You hit the small abomination but do no damage.
Lightning courses through the small abomination!
You destroy the small abomination!
Okawaru accepts your kill.
You have reached level 10!
You feel clever.
You puncture the eidolon! Lightning courses through the eidolon!
The eidolon is moderately damaged.
You attempt to attack the eidolon, but flinch away in fear!
The eidolon misses you. The eidolon barely misses you.
You attempt to attack the eidolon, but flinch away in fear!
You attempt to attack the eidolon, but flinch away in fear!
You attempt to attack the eidolon, but flinch away in fear!
You hit the eidolon but do no damage.
The eidolon is moderately damaged.
You puncture the eidolon! Lightning courses through the eidolon!
The eidolon is severely damaged.
The eidolon stares piercingly at you. The bolt of negative energy hits you!!
You feel drained.
Ouch! That really hurt!
You die...

####### #..#
..##..# #..#
..##..# #..#
..''..# #)W#
..''..##########@.#
..##.....)........#
..##..............#
###################


You could see an eidolon (scary).

Vanquished Creatures
  4 kobold demonologists (D)
  A freezing wraith (D)
  Prince Ribbit (D)
  2 flying skulls (D)
  A spriggan (D)
  A small abomination (D)
  A floating eye (D)
  A wolf (D)
  An ogre (D)
  2 kobold brigands (D)
  A phantom (D)
  A bullfrog (D)
  2 scorpions (D)
  A quasit (D)
  A jelly (D)
  Terence (D)
  A river rat (D)
  A worm (D)
  A bat (D)
  A giant cockroach (D)
  A goblin (D)
  2 hobgoblins (D)
  A kobold (D)
  2 ball pythons (D)
  A frilled lizard (D)
33 creatures vanquished.

Notes
Turn   | Place    | Note
-------+----------+-------------------------------------------
     0 | D        | rocky1 the Kobold Brigand began the quest for the Orb.
     0 | D        | Reached XP level 1. HP: 12/12 MP: 1/1
    45 | D        | Found a bloodstained altar of Trog.
    45 | D        | Found a shimmering blue altar of Sif Muna.
    45 | D        | Found a viscous altar of Jiyva.
    45 | D        | Found a hazy altar of Hepliaklqana.
    45 | D        | Found an opulent altar of Gozag.
    46 | D        | Found a glowing golden altar of the Shining One.
    46 | D        | Found a glowing silver altar of Zin.
    46 | D        | Found a sacrificial altar of Ru.
    46 | D        | Found a stormy altar of Qazlal.
    46 | D        | Found a blossoming altar of Fedhas.
    49 | D        | Found an iron altar of Okawaru.
    49 | D        | Found a basalt altar of Yredelemnul.
    49 | D        | Found a white marble altar of Elyvilon.
    50 | D        | Found a sparkling altar of Nemelex Xobeh.
    50 | D        | Found a shimmering altar of Xom.
    50 | D        | Found a shadowy altar of Dithmenos.
    51 | D        | Found a burning altar of Makhleb.
    51 | D        | Found an ornate altar of the Wu Jian Council.
    51 | D        | Found a snail-covered altar of Cheibriados.
    53 | D        | Found a corrupted altar of Lugonu.
    53 | D        | Found a radiant altar of Vehumet.
    55 | D        | Found an ancient bone altar of Kikubaaqudgha.
    55 | D        | Found a hide-covered altar of Uskayaw.
    55 | D        | Found a broken altar of Ashenzari.
    56 | D        | Became a worshipper of Warmaster Okawaru
    70 | D        | Noticed a scorpion
    73 | D        | Killed a scorpion
    74 | D        | Reached skill level 5 in Short Blades
    74 | D        | Reached skill level 7 in Stealth
    74 | D        | Reached XP level 2. HP: 20/20 MP: 2/2
    74 | D        | Reached XP level 3. HP: 24/24 MP: 3/3
    74 | D        | Reached XP level 4. HP: 30/30 MP: 4/4
   381 | D        | Noticed a scorpion
   383 | D        | Killed a scorpion
   383 | D        | Reached * piety under Okawaru
   384 | D        | Reached skill level 5 in Fighting
   384 | D        | Reached skill level 5 in Dodging
   384 | D        | Reached skill level 8 in Stealth
   384 | D        | Reached XP level 5. HP: 36/36 MP: 5/5
   486 | D        | Noticed a phantom
   489 | D        | Killed a phantom
   490 | D        | Reached skill level 9 in Stealth
   490 | D        | Reached XP level 6. HP: 42/42 MP: 6/6
   549 | D        | Noticed an ogre
   550 | D        | Noticed a flying skull
   553 | D        | Killed an ogre
   554 | D        | Reached skill level 10 in Stealth
   584 | D        | Noticed Terence
   600 | D        | Killed a flying skull
   600 | D        | Reached ** piety under Okawaru
   601 | D        | Reached skill level 11 in Stealth
   601 | D        | Reached XP level 7. HP: 49/49 MP: 5/10
   606 | D        | Killed Terence
   613 | D        | Reached skill level 10 in Short Blades
   613 | D        | Reached skill level 12 in Stealth
   613 | D        | Reached skill level 5 in Invocations
   767 | D        | Reached XP level 8. HP: 56/56 MP: 8/12
   768 | D        | Noticed Prince Ribbit
   768 | D        | Noticed a flying skull
   774 | D        | Killed Prince Ribbit
   774 | D        | Reached *** piety under Okawaru
   775 | D        | Killed a flying skull
   776 | D        | Reached skill level 10 in Dodging
   776 | D        | Reached skill level 13 in Stealth
   779 | D        | Noticed a kobold demonologist
   779 | D        | Noticed a kobold demonologist
   779 | D        | Noticed a kobold demonologist
   783 | D        | Killed a kobold demonologist
   783 | D        | Reached **** piety under Okawaru
   784 | D        | Killed a kobold demonologist
   785 | D        | Reached skill level 10 in Fighting
   785 | D        | Reached XP level 9. HP: 62/62 MP: 10/14
   785 | D        | Noticed an orange demon
   787 | D        | Killed a kobold demonologist
   788 | D        | Reached skill level 14 in Stealth
  1021 | D        | Noticed a freezing wraith
  1026 | D        | Killed a freezing wraith
  1500 | D        | Noticed a kobold demonologist
  1500 | D        | Noticed an eidolon
  1508 | D        | Noticed an orange demon
  1510 | D        | Killed a kobold demonologist
  1510 | D        | Received a gift from Okawaru
  1511 | D        | Reached skill level 15 in Stealth
  1519 | D        | Reached XP level 10. HP: 33/70 MP: 9/16
  1525 | D        | Killed from afar by an eidolon

Illustrated notes

Levels and vault maps discovered:
D:        pitsprint [storerooms_1, entrance_room_1, metal_vault_2, armoury_2,
          mini_pit_1, grid_room_1, main_hall_1, silver_pit, the_coven_2,
          the_vestibule_1, steel_vault_3, golden_pit, hallway_of_sentries,
          crystal_vault_1, iron_vault_5, final_vault]

Skill      XL: |  1  2  3  4  5  6  7  8  9 |
---------------+----------------------------+-----
Short Blades   | 5 6 7 9 10 12 13 | 13.5
Fighting       | 4 5 6 8 10 11 | 11.4
Dodging        | 4 5 6 8 9 11 12 | 12.2
Stealth        | 7 8 9 11 12 13 15 | 15.2
Invocations    | 4 5 7 9 |  9.2
Throwing       | |  2.1

Action                   |  1- 3 |  4- 6 |  7- 9 | 10-12 || total
-------------------------+-------+-------+-------+-------++-------
Melee: Dagger            |     4 |    65 |    25 |       ||    94
       Punch             |       |     2 |     3 |       ||     5
       Rapier            |       |       |    22 |     7 ||    29
Invok: Heroism           |       |     2 |     2 |       ||     4
       Finesse           |       |       |     1 |       ||     1
  Use: Potion            |       |     3 |     2 |       ||     5
 Stab: Sleeping          |     1 |     7 |     6 |       ||    14
       Invisible         |       |       |     6 |       ||     6
Armor: Robe              |       |     2 |     2 |       ||     4
Dodge: Dodged            |     2 |    39 |    25 |     2 ||    68

Table legend: (Time is in decaauts)
 A = Elapsed time spent in this place.
 B = Non-inter-level travel time spent in this place.
 C = Inter-level travel time spent in this place.
 D = Time resting spent in this place.
 E = Time spent auto-exploring this place.
 F = Levels seen in this place.
 G = Mean time per level.
                   A        B        C        D        E       F      G
               +--------+--------+--------+--------+--------+-----+--------+
         Total |   1492 |   1435 |     57 |   1097 |      0 |   1 | 1492.0 |
       Dungeon |   1492 |   1435 |     57 |   1097 |      0 |   1 | 1492.0 |
               +--------+--------+--------+--------+--------+-----+--------+

Top non-repeatable levels by time:
       D: 1492 daAuts
